| TOP OF THE 1ST |
|
Lansing Lugnuts batting - Pitching for Beloit Snappers : RHP Jan Cole
|
|
Pitching: RHP Jan Cole
|
|
|
Batting: RHB Tokuji Kawabata
|
0-0: Ball 1-0: Swinging Strike 1-1: Bunt missed! 1-2: Ball 2-2: Foul Ball, location: 2F 2-2: Ball 3-2: Foul Ball, location: 2F 3-2: DOUBLE (Flyball, 8LD, EV 106.9 MPH)
|
|
Batting: SHB Ryan Chicoine
|
0-0: Ball Tokuji Kawabata steals 3rd base 1-0: Called Strike 1-1: Foul Ball, location: 2F 1-2: SINGLE (Groundball, 13S, EV 74.4 MPH) (infield hit)
|
|
Batting: RHB Brock Van Gilder
|
0-0: Called Strike 0-1: Ball Pickoff Throw to First - Out! 1-3 1-1: Ball 2-1: Called Strike 2-2: Ball 3-2: Base on Balls
|
|
Batting: LHB Aaron Caron
|
0-0: Ball 1-0: Called Strike Brock Van Gilder steals 2nd base 1-1: Foul Ball, location: 2F 1-2: Strikes out swinging
|
|
Batting: RHB Wade Diamond
|
0-0: Ball 1-0: Ball 2-0: Ball 3-0: Called Strike 3-1: Called Strike 3-2: Fly out, F8 (Flyball, 8RM, EV 93.8 MPH)
|
| Top of the 1st over - 0 runs, 2 hits, 0 errors, 2 left on base; Lansing 0 - Beloit 0 |
| BOTTOM OF THE 1ST |
|
Beloit Snappers batting - Pitching for Lansing Lugnuts : RHP Brad Harth
|
|
Pitching: RHP Brad Harth
|
|
|
Batting: SHB Robert Santiago
|
0-0: Ball 1-0: Swinging Strike 1-1: Foul Ball, location: 2F 1-2: Strikes out swinging
|
|
Batting: RHB Tim Cordle
|
0-0: Ball 1-0: Swinging Strike 1-1: Foul Ball, location: 2F 1-2: Ball 2-2: Ball 3-2: Foul Ball, location: 2F 3-2: Fly out, F9 (Flyball, 89M, EV 88.1 MPH)
|
|
Batting: LHB Chance Stever
|
0-0: Ball 1-0: Ball 2-0: Fly out, F8 (Flyball, 78M, EV 86.9 MPH)
|
| Bottom of the 1st over - 0 runs, 0 hits, 0 errors, 0 left on base; Lansing 0 - Beloit 0 |
| TOP OF THE 2ND |
|
Lansing Lugnuts batting - Pitching for Beloit Snappers : RHP Jan Cole
|
|
Batting: RHB Chris Martin
|
0-0: Ball 1-0: Foul Ball, location: 2F 1-1: Ball 2-1: Ground out 6-3 (Groundball, 6D, EV 101.9 MPH)
|
|
Batting: RHB Brian Manson
|
0-0: Foul Ball, location: 2F 0-1: Called Strike 0-2: Strikes out swinging
|
|
Batting: RHB Frank Caulfield
|
0-0: Called Strike 0-1: SINGLE (Line Drive, 3L, EV 94.4 MPH)
|
|
Batting: RHB Josh Swartzentruber
|
0-0: Called Strike 0-1: Ball 1-1: Called Strike 1-2: Strikes out swinging
|
| Top of the 2nd over - 0 runs, 1 hit, 0 errors, 1 left on base; Lansing 0 - Beloit 0 |
| BOTTOM OF THE 2ND |
|
Beloit Snappers batting - Pitching for Lansing Lugnuts : RHP Brad Harth
|
|
Batting: LHB Henry Hutson
|
0-0: Foul Ball, location: 2F 0-1: Fly out, F5 (Popup, 56S, EV 78.8 MPH)
|
|
Batting: SHB John Cummings
|
0-0: Called Strike 0-1: Foul Ball, location: 2F 0-2: Ball 1-2: Ball 2-2: Strikes out swinging
|
|
Batting: RHB Josh Whaley
|
0-0: Ball 1-0: Ball 2-0: Ball 3-0: Foul Ball, location: 2F 3-1: Base on Balls
|
|
Batting: RHB Jose Marquez
|
0-0: Called Strike 0-1: Ball 1-1: Ball 2-1: Ball 3-1: Foul Ball, location: 2F 3-2: Ground out 5-3 (Groundball, 56S, EV 84.4 MPH)
|
| Bottom of the 2nd over - 0 runs, 0 hits, 0 errors, 1 left on base; Lansing 0 - Beloit 0 |
| TOP OF THE 3RD |
|
Lansing Lugnuts batting - Pitching for Beloit Snappers : RHP Jan Cole
|
|
Batting: RHB Tokuji Kawabata
|
0-0: Ball 1-0: Foul Ball, location: 2F 1-1: Foul Ball, location: 2F 1-2: Ball 2-2: SINGLE (Line Drive, 34D, EV 106.9 MPH)
|
|
Batting: SHB Ryan Chicoine
|
0-0: Ball 1-0: Ball 2-0: Ball 3-0: Called Strike 3-1: Foul Ball, location: 2F 3-2: SINGLE (Line Drive, 9S, EV 103.8 MPH) Tokuji Kawabata to second
|
|
Batting: RHB Brock Van Gilder
|
0-0: Foul Ball, location: 2F 0-1: Ball 1-1: Foul Ball, location: 2F 1-2: Ball 2-2: Strikes out looking
|
|
Batting: LHB Aaron Caron
|
0-0: Ball 1-0: Ball 2-0: Called Strike 2-1: Ball 3-1: Base on Balls Tokuji Kawabata to third Ryan Chicoine to second
|
|
Batting: RHB Wade Diamond
|
0-0: Called Strike 0-1: Fielders Choice at 2nd, 5-4 (Groundball, 56S, EV 86.9 MPH) Tokuji Kawabata scores Ryan Chicoine to third
|
|
Batting: RHB Chris Martin
|
0-0: Ball 1-0: Foul Ball, location: 2F 1-1: Called Strike 1-2: Fly out, F8 (Flyball, 78D, EV 88.8 MPH)
|
| Top of the 3rd over - 1 run, 2 hits, 0 errors, 2 left on base; Lansing 1 - Beloit 0 |
| BOTTOM OF THE 3RD |
|
Beloit Snappers batting - Pitching for Lansing Lugnuts : RHP Brad Harth
|
|
Batting: SHB Mike Jorgenson
|
0-0: Ball 1-0: Called Strike 1-1: Ground out 6-3 (Groundball, 6, EV 105.6 MPH)
|
|
Batting: RHB Larry Clark
|
0-0: Ball 1-0: Ball 2-0: Foul Ball, location: 2F 2-1: Called Strike 2-2: Fly out, F8 (Flyball, 8LS, EV 85.0 MPH)
|
|
Batting: SHB Robert Santiago
|
0-0: Fly out, F8 (Flyball, 8RD, EV 95.0 MPH)
|
| Bottom of the 3rd over - 0 runs, 0 hits, 0 errors, 0 left on base; Lansing 1 - Beloit 0 |
| TOP OF THE 4TH |
|
Lansing Lugnuts batting - Pitching for Beloit Snappers : RHP Jan Cole
|
|
Batting: RHB Brian Manson
|
0-0: Ball 1-0: Ball 2-0: Called Strike 2-1: Ball 3-1: Swinging Strike 3-2: Base on Balls
|
|
Batting: RHB Frank Caulfield
|
0-0: Ball 1-0: Fielders Choice at 2nd, 4-6 (Groundball, 34, EV 86.9 MPH)
|
|
Batting: RHB Josh Swartzentruber
|
0-0: Fielders Choice at 2nd, 1-6 (Groundball, 13S, EV 63.8 MPH)
|
|
Batting: RHB Tokuji Kawabata
|
0-0: Called Strike Josh Swartzentruber steals 2nd base 0-1: Ground out 4-3 (Groundball, 4MD, EV 95.6 MPH)
|
| Top of the 4th over - 0 runs, 0 hits, 0 errors, 1 left on base; Lansing 1 - Beloit 0 |
| BOTTOM OF THE 4TH |
|
Beloit Snappers batting - Pitching for Lansing Lugnuts : RHP Brad Harth
|
|
Batting: RHB Tim Cordle
|
0-0: Called Strike 0-1: Ball 1-1: Swinging Strike 1-2: Ball 2-2: Strikes out swinging
|
|
Batting: LHB Chance Stever
|
0-0: Foul Ball, location: 2F 0-1: Ground out 3-1 (Groundball, 34S, EV 88.1 MPH)
|
|
Batting: LHB Henry Hutson
|
0-0: Fly out, F9 (Flyball, 89M, EV 85.0 MPH)
|
| Bottom of the 4th over - 0 runs, 0 hits, 0 errors, 0 left on base; Lansing 1 - Beloit 0 |
| TOP OF THE 5TH |
|
Lansing Lugnuts batting - Pitching for Beloit Snappers : RHP Jan Cole
|
|
Batting: SHB Ryan Chicoine
|
0-0: Ball 1-0: Called Strike 1-1: Foul Ball, location: 2F 1-2: Strikes out swinging
|
|
Batting: RHB Brock Van Gilder
|
0-0: Ball 1-0: Called Strike 1-1: Ground out 5-3 (Groundball, 5L, EV 85.6 MPH)
|
|
Batting: LHB Aaron Caron
|
0-0: Ball 1-0: Ball 2-0: Ball 3-0: Called Strike 3-1: Swinging Strike 3-2: Fly out, F7 (Flyball, 7LMF, EV 92.5 MPH)
|
| Top of the 5th over - 0 runs, 0 hits, 0 errors, 0 left on base; Lansing 1 - Beloit 0 |
| BOTTOM OF THE 5TH |
|
Beloit Snappers batting - Pitching for Lansing Lugnuts : RHP Brad Harth
|
|
Batting: SHB John Cummings
|
0-0: Ball 1-0: Ball 2-0: Fly out, F7 (Line Drive, 78M, EV 105.0 MPH)
|
|
Batting: RHB Josh Whaley
|
0-0: Swinging Strike 0-1: Ground out 5-3 (Groundball, 56, EV 76.9 MPH)
|
|
Batting: RHB Jose Marquez
|
0-0: Swinging Strike 0-1: Ball 1-1: Fly out, F9 (Flyball, 9LS, EV 88.8 MPH)
|
| Bottom of the 5th over - 0 runs, 0 hits, 0 errors, 0 left on base; Lansing 1 - Beloit 0 |
| TOP OF THE 6TH |
|
Lansing Lugnuts batting - Pitching for Beloit Snappers : RHP Jan Cole
|
|
Batting: RHB Wade Diamond
|
0-0: Ball 1-0: Called Strike 1-1: Called Strike 1-2: Ground out 5-3 (Groundball, 5, EV 100.0 MPH)
|
|
Pitching: RHP Dave Quintero
|
|
|
Batting: RHB Chris Martin
|
0-0: Foul Ball, location: 2F 0-1: Ball 1-1: Ball 2-1: Ball 3-1: Base on Balls
|
|
Batting: RHB Brian Manson
|
0-0: Called Strike Chris Martin steals 2nd base 0-1: Ball 1-1: Swinging Strike 1-2: Ball 2-2: 2-RUN HOME RUN (Flyball, 9LD, EV 91.9 MPH), Distance : 335 ft
|
|
Batting: RHB Frank Caulfield
|
0-0: Foul Ball, location: 2F 0-1: Ball 1-1: Ball 2-1: Swinging Strike 2-2: Strikes out swinging
|
|
Batting: RHB Josh Swartzentruber
|
0-0: Foul Ball, location: 2F 0-1: Ball 1-1: Swinging Strike 1-2: Ball 2-2: Ball 3-2: Base on Balls
|
|
Batting: RHB Tokuji Kawabata
|
0-0: Ball 1-0: Ball 2-0: Swinging Strike 2-1: Swinging Strike 2-2: Reached on error, E4 (Groundball, 6M, EV 87.5 MPH) Josh Swartzentruber to second
|
|
Batting: SHB Ryan Chicoine
|
0-0: Ball 1-0: Ball 2-0: Called Strike 2-1: Ball 3-1: Swinging Strike 3-2: Foul Ball, location: 2F 3-2: Ground out 6-3 (Groundball, 56, EV 85.0 MPH)
|
| Top of the 6th over - 2 runs, 1 hit, 1 error, 2 left on base; Lansing 3 - Beloit 0 |
| BOTTOM OF THE 6TH |
|
Beloit Snappers batting - Pitching for Lansing Lugnuts : RHP Brad Harth
|
|
Batting: SHB Mike Jorgenson
|
0-0: Called Strike 0-1: Called Strike 0-2: Foul Ball, location: 2F 0-2: Foul Ball, location: 2F 0-2: Ball 1-2: Ball 2-2: Ground out 6-3 (Groundball, 6M, EV 84.4 MPH)
|
|
Batting: RHB Larry Clark
|
0-0: Called Strike 0-1: Ball 1-1: Ground out 4-3 (Groundball, 4, EV 79.4 MPH)
|
|
Batting: SHB Robert Santiago
|
0-0: Ball 1-0: Ground out 1-3 (Groundball, 13, EV 66.9 MPH)
|
| Bottom of the 6th over - 0 runs, 0 hits, 0 errors, 0 left on base; Lansing 3 - Beloit 0 |
| TOP OF THE 7TH |
|
Lansing Lugnuts batting - Pitching for Beloit Snappers : RHP Dave Quintero
|
|
Pitching: RHP Danny Levinger
|
|
|
Batting: RHB Brock Van Gilder
|
0-0: Foul Ball, location: 2F 0-1: Ball 1-1: Foul Ball, location: 2F 1-2: Ball 2-2: Ball 3-2: Ground out 5-3 (Groundball, 56, EV 84.4 MPH)
|
|
Batting: LHB Aaron Caron
|
0-0: Ball 1-0: Ball 2-0: Called Strike 2-1: Ball 3-1: Ground out 4-3 (Groundball, 4S, EV 75.6 MPH)
|
|
Batting: RHB Wade Diamond
|
0-0: Ball 1-0: Swinging Strike 1-1: Foul Ball, location: 2F 1-2: Strikes out looking
|
| Top of the 7th over - 0 runs, 0 hits, 0 errors, 0 left on base; Lansing 3 - Beloit 0 |
| BOTTOM OF THE 7TH |
|
Beloit Snappers batting - Pitching for Lansing Lugnuts : RHP Brad Harth
|
|
Now at SS: Luis Reyes
|
|
|
Batting: RHB Tim Cordle
|
0-0: Ball 1-0: Swinging Strike 1-1: Swinging Strike 1-2: Ball 2-2: Strikes out swinging
|
|
Batting: LHB Chance Stever
|
0-0: Ball 1-0: Ball 2-0: Ball 3-0: Called Strike 3-1: Ground out U3 (Groundball, 3L, EV 88.1 MPH)
|
|
Batting: LHB Henry Hutson
|
0-0: Ball 1-0: Foul Ball, location: 2F 1-1: Called Strike 1-2: DOUBLE (Line Drive, 7LS, EV 106.2 MPH)
|
|
Batting: SHB John Cummings
|
0-0: Swinging Strike 0-1: Ball 1-1: Ball 2-1: Swinging Strike 2-2: Foul Ball, location: 2F 2-2: Foul Ball, location: 2F 2-2: Strikes out looking
|
| Bottom of the 7th over - 0 runs, 1 hit, 0 errors, 1 left on base; Lansing 3 - Beloit 0 |
| TOP OF THE 8TH |
|
Lansing Lugnuts batting - Pitching for Beloit Snappers : RHP Danny Levinger
|
|
Batting: RHB Chris Martin
|
0-0: Called Strike 0-1: Ball 1-1: Ball 2-1: Foul Ball, location: 2F 2-2: Hit by Pitch
|
|
Batting: RHB Brian Manson
|
0-0: Sac Bunt to 2L - play at first, batter OUT! 2-3 Chris Martin to second
|
|
Batting: RHB Frank Caulfield
|
0-0: Ball 1-0: Fly out, F8 (Line Drive, 8RM, EV 91.9 MPH)
|
|
Batting: RHB Josh Swartzentruber
|
0-0: Called Strike 0-1: Ball 1-1: Called Strike 1-2: Ball 2-2: Strikes out swinging
|
| Top of the 8th over - 0 runs, 0 hits, 0 errors, 1 left on base; Lansing 3 - Beloit 0 |
| BOTTOM OF THE 8TH |
|
Beloit Snappers batting - Pitching for Lansing Lugnuts : RHP Brad Harth
|
|
Pitching: RHP Pat Powell
|
|
|
Batting: RHB Josh Whaley
|
0-0: Swinging Strike 0-1: Swinging Strike 0-2: Strikes out swinging
|
|
Batting: RHB Jose Marquez
|
0-0: Called Strike 0-1: Swinging Strike 0-2: Ball 1-2: Strikes out looking
|
|
Batting: SHB Mike Jorgenson
|
0-0: TRIPLE (Flyball, 78XD, EV 93.8 MPH)
|
|
Batting: RHB Larry Clark
|
0-0: Called Strike 0-1: Foul Ball, location: 2F 0-2: Ball 1-2: Fly out, F8 (Line Drive, 78M, EV 88.1 MPH)
|
| Bottom of the 8th over - 0 runs, 1 hit, 0 errors, 1 left on base; Lansing 3 - Beloit 0 |
| TOP OF THE 9TH |
|
Lansing Lugnuts batting - Pitching for Beloit Snappers : RHP Danny Levinger
|
|
Batting: RHB Luis Reyes
|
0-0: Ball 1-0: Ball 2-0: SINGLE (Flyball, 9LS, EV 90.6 MPH)
|
|
Batting: SHB Ryan Chicoine
|
0-0: Called Strike Luis Reyes steals 2nd base 0-1: Called Strike 0-2: Ground out 6-3 (Groundball, 6S, EV 65.0 MPH) Luis Reyes to third
|
|
Batting: RHB Brock Van Gilder
|
0-0: Swinging Strike 0-1: Foul Ball, location: 2F 0-2: Strikes out swinging
|
|
Batting: LHB Aaron Caron
|
0-0: Intentional Walk
|
|
Batting: RHB Wade Diamond
|
0-0: Ball 1-0: Swinging Strike 1-1: Ball 2-1: Called Strike 2-2: Ball 3-2: Foul Ball, location: 2F 3-2: Strikes out looking
|
| Top of the 9th over - 0 runs, 1 hit, 0 errors, 2 left on base; Lansing 3 - Beloit 0 |
| BOTTOM OF THE 9TH |
|
Beloit Snappers batting - Pitching for Lansing Lugnuts : RHP Pat Powell
|
|
Pitching: RHP Aaron Linkous
|
|
|
Batting: SHB Robert Santiago
|
0-0: Called Strike 0-1: Foul Ball, location: 2F 0-2: Foul Ball, location: 2F 0-2: Foul Ball, location: 2F 0-2: Ball 1-2: Strikes out swinging
|
|
Batting: RHB Tim Cordle
|
0-0: Called Strike 0-1: Ball 1-1: Ball 2-1: Foul Ball, location: 2F 2-2: Foul Ball, location: 2F 2-2: Hit by Pitch
|
|
Batting: LHB Chance Stever
|
0-0: Ball 1-0: Swinging Strike 1-1: Foul Ball, location: 2F 1-2: Ball 2-2: Ball 3-2: Fielders Choice at 2nd, 5-4 (Groundball, 5L, EV 92.5 MPH)
|
|
Batting: LHB Henry Hutson
|
0-0: Ball 1-0: Foul Ball, location: 2F 1-1: Swinging Strike 1-2: Foul Ball, location: 2F 1-2: Ball 2-2: Foul Ball, location: 2F 2-2: Strikes out swinging
|
| Bottom of the 9th over - 0 runs, 0 hits, 0 errors, 1 left on base; Lansing 3 - Beloit 0 |
|